Map: Lightshade LE

Players

Namshar - Winner!

  • Race: Zerg Zerg
  • League: Grandmaster
  • Spawn Location: 5:00

Asuna

  • Race: Protoss Protoss
  • League: Master
  • Spawn Location: 11:00

Event: DreamHack SC2 Masters 2020 Winter

VOD

Have the link to the VOD?

Description

Time

  • Played on: Nov. 1, 2020, 4:08 p.m.
  • Length: 11:38

All games in this series

Show
View Real Time Build Order
Export as new Build Order

Namshar Zerg - Winner!

Build Orders: 3 Hatch before Pool 

Get SALT Encoding   

  12  0:00  Drone  
  13  0:12  Overlord  
  13  0:16  Drone  
  14  0:30  Drone x2  
  16  0:37  Drone  
  17  0:52  Hatchery  
  17  0:56  Drone  
  17  1:16  Hatchery  
  16  1:19  Drone  
  16  1:23  Drone  
  18  1:33  Extractor  
  18  1:37  Spawning Pool  
  16  1:40  Drone  
  16  1:43  Drone  
  16  1:47  Drone  
  19  1:52  Drone  
  20  2:03  Drone  
  20  2:05  Drone  
  22  2:21  Hatchery, Overlord  
  22  2:26  Queen x2  
  26  2:32  Zergling x4  
  28  2:40  Zergling x6  
  31  2:47  Zergling x4  
  33  3:04  Metabolic Boost  
  33  3:11  Overlord  
  33  3:18  Zergling x4  
  33  3:19  Drone  
  35  3:35  Drone x4  
  39  3:46  Drone x4  
  43  3:53  Zergling x8  
  42  4:02  Queen  
  42  4:06  Overlord  
  42  4:07  Overlord  
  42  4:09  Queen  
  44  4:10  Drone x3  
  47  4:19  Drone  
  47  4:20  Drone  
  47  4:23  Spore Crawler  
  47  4:24  Drone  
  47  4:26  Drone x2  
  50  4:32  Drone x4  
  50  4:35  Drone x3  
  57  4:41  Overlord  
  57  4:43  Queen  
  59  4:46  Overlord  
  59  4:49  Overlord  
  59  5:00  Evolution Chamber  
  59  5:01  Drone x7  
  64  5:07  Lair  
  64  5:10  Baneling Nest  
  64  5:12  Zergling x2  
  64  5:13  Zergling x4  
  66  5:18  Queen  
  66  5:19  Drone x2  
  66  5:21  Extractor  
  69  5:22  Drone, Extractor  
  69  5:23  Spore Crawler  
  69  5:27  Zergling x6  
  69  5:28  Zergling x2  
  72  5:34  Overlord  
  72  5:35  Overlord  
  72  5:37  Queen  
  74  5:49  Zerg Melee Weapons Level 1  
  74  5:50  Drone x7  
  74  5:54  Zergling x2  
  74  5:55  Zergling x6  
  74  5:56  Overlord  
  85  6:08  Drone x5  
  90  6:14  Hydralisk Den  
  90  6:18  Extractor  
  88  6:19  Drone x4  
  88  6:21  Extractor  
  88  6:22  Extractor  
  90  6:26  Hatchery  
  90  6:30  Drone x3  
  90  6:31  Centrifical Hooks  
  92  6:36  Spore Crawler  
  92  6:37  Drone x3  
  92  6:38  Evolution Chamber  
  93  6:40  Drone  
  93  6:41  Drone x2  
  93  6:43  Overlord x2  
  96  6:51  Muscular Augments  
  96  6:53  Overlord  
  96  6:54  Overlord  
  96  7:00  Hydralisk  
  96  7:01  Hydralisk x2  
  102  7:09  Hydralisk  
  102  7:10  Hydralisk  
  102  7:12  Overlord x2  
  105  7:16  Overlord x2  
  105  7:20  Hydralisk x3  
  105  7:22  Zergling x4  
  113  7:26  Baneling x4  
  113  7:27  Baneling x2, Spine Crawler  
  113  7:28  Baneling  
  112  7:30  Baneling  
  111  7:46  Baneling x4, Hydralisk x3  
  111  7:47  Zergling x10  
  117  7:52  Queen  
  101  8:00  Zergling x2, Hydralisk  
  101  8:01  Zergling x8  
  101  8:02  Grooved Spines  
  101  8:03  Zergling x2  
  101  8:09  Queen  
  100  8:13  Hydralisk x3  
  100  8:19  Baneling x6  
  105  8:28  Drone x10  
  115  8:38  Drone x4  
  115  8:40  Zerg Melee Weapons Level 2  
  119  8:41  Zerg Missile Weapons Level 1  
  119  8:49  Extractor  
  119  8:53  Extractor  
  119  8:55  Overlord x4  
  117  9:14  Hydralisk x5  
  117  9:15  Zergling x20  
  117  9:16  Baneling  
  136  9:17  Baneling x8  
  136  9:22  Drone x3  
  136  9:23  Drone x3  
  142  9:30  Drone  
  143  9:36  Drone  
  143  9:38  Hatchery, Infestation Pit  
  142  9:39  Pneumatized Carapace  
  142  9:42  Baneling x10  
  142  9:50  Hydralisk  
  142  9:51  Zergling x2, Hydralisk x3  
  142  9:52  Zergling x12  
  157  10:06  Hydralisk  
  157  10:07  Zergling x24  
  157  10:09  Overseer  
  171  10:14  Drone  
  171  10:15  Spire  
  171  10:24  Hive  
  171  10:27  Zergling x6, Hydralisk  
  171  10:28  Zergling x12  
  176  10:37  Baneling  
  176  10:38  Baneling x23  
  176  10:41  Zergling x6, Hydralisk  
  181  10:52  Zergling x6, Hydralisk  
  181  10:53  Zergling x14  
  186  11:11  Hydralisk  
  186  11:12  Zergling x12  
  186  11:16  Zergling x18  
Show
View Real Time Build Order
Export as new Build Order

Asuna Protoss 

Build Orders: Zealot Archon 

Get SALT Encoding   

  12  0:00  Probe  
  13  0:12  Probe  
  14  0:19  Pylon  
  14  0:24  Probe  
  15  0:38  Probe (Chrono Boost)  
  15  0:42  Gateway  
  16  0:47  Assimilator, Probe (Chrono Boost)  
  17  0:52  Probe (Chrono Boost)  
  19  1:04  Probe  
  19  1:16  Probe  
  20  1:24  Pylon  
  20  1:25  Gateway  
  20  1:27  Zealot (Chrono Boost)  
  22  1:34  Cybernetics Core  
  22  1:40  Probe  
  23  1:47  Zealot (Chrono Boost)  
  23  1:52  Assimilator  
  25  1:56  Probe  
  26  2:12  Adept (Chrono Boost)  
  26  2:14  Warp Gate  
  30  2:19  Adept (Chrono Boost)  
  30  2:20  Pylon  
  30  2:26  Probe  
  33  2:50  Nexus  
  32  2:58  Probe  
  32  3:10  Probe  
  32  3:12  Stargate  
  33  3:19  Adept  
  35  3:22  Adept, Probe  
  38  3:35  Pylon  
  38  3:40  Probe  
  39  3:55  Void Ray (Chrono Boost)  
  39  4:01  Probe  
  36  4:07  Probe  
  39  4:10  Adept x2  
  39  4:13  Probe  
  44  4:19  Probe  
  44  4:24  Stargate  
  45  4:26  Probe (Chrono Boost)  
  46  4:31  Probe (Chrono Boost)  
  46  4:38  Probe (Chrono Boost)  
  48  4:41  Probe (Chrono Boost)  
  48  4:43  Adept, Probe (Chrono Boost)  
  48  4:45  Adept  
  54  4:46  Probe  
  54  4:51  Pylon  
  54  4:52  Probe  
  56  5:05  Probe  
  56  5:07  Probe  
  56  5:08  Assimilator  
  56  5:11  Assimilator  
  57  5:18  Probe  
  57  5:19  Nexus  
  58  5:22  Twilight Council, Probe  
  58  5:25  Forge  
  59  5:30  Probe  
  59  5:34  Probe  
  59  5:35  Robotics Facility  
  61  5:42  Probe  
  62  5:50  Gateway  
  62  5:51  Gateway  
  62  5:57  Protoss Ground Weapons Level 1 (Chrono Boost)  
  62  5:58  Charge (Chrono Boost)  
  62  6:08  Gateway x2  
  62  6:10  Templar Archives  
  62  6:17  Gateway  
  62  6:19  Warp Prism (Chrono Boost)  
  64  6:29  Gateway  
  64  6:34  Zealot x2  
  68  6:44  Probe x2  
  70  6:47  Pylon  
  70  6:52  High Templar  
  70  6:53  High Templar  
  74  6:54  High Templar x2  
  74  6:57  Archon  
  74  7:00  Archon  
  78  7:02  Probe x2  
  78  7:03  Probe  
  78  7:05  Zealot x2  
  85  7:14  Probe x2  
  85  7:15  Probe  
  88  7:17  Zealot  
  88  7:20  Pylon  
  90  7:23  Zealot  
  90  7:27  Pylon x2  
  92  7:30  Pylon  
  92  7:40  Zealot  
  92  7:41  Zealot x3  
  100  7:48  Zealot  
  100  7:49  Zealot x3  
  86  8:01  Zealot x4  
  64  8:07  Probe x3  
  63  8:14  Zealot x3  
  63  8:19  High Templar, Probe  
  70  8:23  Probe x2  
  70  8:25  High Templar x4  
  70  8:26  High Templar  
  76  8:30  Archon x2  
  76  8:31  Probe  
  77  8:35  Adept  
  77  8:36  High Templar  
  77  8:37  Zealot  
  77  8:41  Archon  
  83  8:48  Photon Cannon, Shield Battery  
  83  8:51  Pylon, Immortal (Chrono Boost)  
  87  8:57  High Templar x2  
  87  8:58  Zealot  
  93  9:02  Archon  
  93  9:03  Psionic Storm, Zealot x2, Sentry  
  93  9:09  Probe  
  101  9:10  Probe  
  101  9:14  Probe  
  92  9:17  Assimilator  
  92  9:18  Assimilator  
  92  9:20  Immortal (Chrono Boost)  
  92  9:22  Probe  
  97  9:28  Probe  
  97  9:31  Pylon  
  98  9:37  Gateway  
  98  9:39  Gateway  
  98  9:40  Pylon  
  98  9:46  High Templar x2  
  98  9:49  High Templar  
  98  9:51  Zealot  
  98  9:52  Zealot x3  
  112  9:53  Zealot  
  114  10:02  Observer (Chrono Boost)  
  115  10:11  Pylon  
  115  10:13  Nexus  
  115  10:16  High Templar x2, Pylon  
  115  10:18  Zealot  
  115  10:19  Zealot  
  115  10:20  Immortal (Chrono Boost)  
  127  10:32  High Templar  
  127  10:34  Photon Cannon  
  127  10:35  Photon Cannon  
  127  10:37  Shield Battery  
  127  10:40  Zealot x2  
  127  10:41  Zealot  
  133  10:50  Photon Cannon  
  133  10:51  High Templar  
  133  10:52  Shield Battery  
  125  10:59  Immortal (Chrono Boost)  
  125  11:00  Probe x3  
  125  11:03  Zealot  
  132  11:04  High Templar  
  132  11:05  High Templar  
  132  11:09  Archon  
  136  11:15  Photon Cannon x2  
  83  11:25  Zealot x3  
  83  11:26  Zealot x2  
  83  11:28  Archon  
  83  11:32  Zealot x7  
Tags
 
Add a new tag
Caveats
  • Supply blocks, unpowered buildings, or Contaminate may cause inaccurate times.
  • Supply counts are checked every 10 seconds.